 Dungeon Crawl Stone Soup version 0.25-a0-443-gece2dee8bd (webtiles) character file.

Game seed: 3540628883343593379, levelgen mode: deterministic

5482 Fukker the Thaumaturge (level 10, 0/74 HPs)
             Began as a Gnoll Wizard on Jan 18, 2020.
             Was a Believer of Ashenzari.
             Slain by a crocodile (5 damage)
             ... while petrified by a basilisk
             ... on level 1 of the Lair of Beasts on Jan 30, 2020.
             The game lasted 00:37:38 (9268 turns).

Fukker the Thaumaturge (Gnoll Wizard)               Turns: 9268, Time: 00:37:38

Health: 0/74       AC:  8    Str: 10    XL:     10   Next: 69%
Magic:  6/32       EV:  2    Int: 24    God:    Ashenzari [**....]
Gold:   392        SH:  0    Dex: 13    Spells: 1/27 levels left

rFire    . . .     SeeInvis .   v - +2 dagger (drain)
rCold    . . .     Gourm    .   q - +0 buckler
rNeg     + + +     Faith    .   a - +0 robe
rPois    ∞         Spirit   .   e - +2 hat
rElec    .         Reflect  .   w - +0 cloak
rCorr    .         Harm     .   (no gloves)
MR       .....     Clarity  +   H - +2 pair of boots
Stlth    +++.......             (no amulet)
HPRegen  0.22/turn              C - ring of magical power (curse)
MPRegen  0.23/turn              N - +2 ring of slaying (curse)

@: lethally poisoned (0 -> 0), petrified
A: distributed training, fangs 1, large bone plates 1, clarity, evolution 1,
strong nose
a: Curse Item, Scrying, Renounce Religion


You were on level 1 of the Lair of Beasts.
You worshipped Ashenzari.
Ashenzari was pleased with you.
You were not hungry.

You visited 2 branches of the dungeon, and saw 10 of its levels.
You also visited: Sewer.

You collected 392 gold pieces.

Inventory:

Hand Weapons
 v - a +2 dagger of draining (weapon)
Missiles
 j - 87 bolts
 m - 130 arrows
 n - 42 poisoned darts (quivered)
 y - 65 sling bullets
 I - 5 datura-tipped darts
Armour
 a - a +0 robe (worn)
 e - a +2 hat (worn)
 q - a +0 buckler (worn)
 w - a +0 cloak (worn)
 H - a +2 pair of boots (worn)
Jewellery
 i - an uncursed ring of ice
 C - a cursed ring of magical power (left hand)
 N - a cursed +2 ring of slaying (right hand)
Wands
 l - a wand of clouds (6)
 D - a wand of enslavement (9)
 K - a wand of digging (5)
Scrolls
 c - a scroll of magic mapping
 f - 4 scrolls of remove curse
 g - 8 scrolls of teleportation
 k - 2 scrolls of amnesia {unknown}
 o - 2 scrolls of fear
 r - 3 scrolls of immolation {unknown}
 s - 2 scrolls of enchant armour
 J - 3 scrolls of vulnerability
Potions
 h - 3 potions of mutation
 t - 2 potions of cancellation
 u - 2 potions of flight
 x - 4 potions of brilliance
 A - 3 potions of might
 B - a potion of lignification
 E - 3 potions of haste {unknown}
 F - a potion of agility
 G - a potion of ambrosia
 M - 3 potions of curing
Comestibles
 d - 11 rations


   Skills:
 + Level 5.4 Fighting
 + Level 5.4 Short Blades
 + Level 5.4 Long Blades
 + Level 5.4 Axes
 + Level 5.4 Maces & Flails
 + Level 5.4 Polearms
 + Level 5.4 Staves
 + Level 5.4 Slings
 + Level 5.4 Bows
 + Level 5.4 Crossbows
 + Level 5.4 Throwing
 + Level 5.4 Armour
 + Level 7.2 Dodging
 + Level 6.9 Stealth
 + Level 5.4 Shields
 + Level 5.4 Unarmed Combat
 + Level 9.1 Spellcasting
 + Level 5.0(6.4) Conjurations
 + Level 4.4(5.8) Hexes
 + Level 4.4(5.8) Charms
 + Level 5.0(6.4) Summonings
 + Level 4.4(5.8) Necromancy
 + Level 5.0(6.4) Translocations
 + Level 4.4(5.8) Transmutations
 + Level 4.4(5.8) Fire Magic
 + Level 4.4(5.8) Ice Magic
 + Level 4.4(5.8) Air Magic
 + Level 4.4(5.8) Earth Magic
 + Level 4.4(5.8) Poison Magic
 + Level 6.0 Invocations
 + Level 5.4(6.8) Evocations


You had one spell level left.
You knew the following spells:

 Your Spells              Type           Power        Failure   Level  Hunger
a - Magic Dart            Conj           ####         1%          1    None
b - Blink                 Tloc           N/A          1%          2    None
c - Call Imp              Summ           #####...     1%          2    None
d - Conjure Flame         Conj/Fire      #####...     1%          3    None
e - Mephitic Cloud        Conj/Pois/Air  #####...     1%          3    None
f - Animate Dead          Necr           N/A          4%          4    ##.....
g - Summon Ice Beast      Ice/Summ       #####...     4%          4    ##.....
h - Summon Lightning Spi  Summ/Air       #####...     4%          4    ##.....
i - Stone Arrow           Conj/Erth      #####.       1%          3    None

Your spell library contained the following spells:

 Spells                   Type           Power        Failure   Level  Hunger
 Animate Skeleton         Necr           N/A          1%          1    None
 Pain                     Necr           ####         1%          1    None
 Sandblast                Erth           #####.       1%          1    None
 Summon Small Mammal      Summ           ####         1%          1    None
 Passwall                 Tmut/Erth      #####...     1%          2    None
 Slow                     Hex            #####...     1%          2    None
 Call Canine Familiar     Summ           #####...     1%          3    None
 Summon Guardian Golem    Hex/Summ       #####...     1%          3    None
 Vampiric Draining        Necr           #####.....   1%          3    None
 Petrify                  Tmut/Erth      #####...     4%          4    ##.....
 Agony                    Necr           #####...     14%         5    ####...
 Lee's Rapid Deconstruct  Erth           #####.....   14%         5    ####...


Dungeon Overview and Level Annotations

Branches:
Dungeon (9/15)             Temple (0/1) D:5            Lair (1/6) D:8
  Sewer (visited)
    Orc: D:9-12

Altars:
Ashenzari
Cheibriados
Dithmenos
Elyvilon
Kikubaaqudgha
Nemelex Xobeh
Qazlal
Sif Muna
Trog
Uskayaw
Xom


Innate Abilities, Weirdness & Mutations

Your experience applies equally to all skills.
You have very sharp teeth.
Your uncanny sense of smell can sniff out nearby items.
You are partially covered in large bone plates. (SH +4)
You possess an exceptional clarity of mind.
You evolve.


Message History

Your ice beast freezes the spiny frog!
The spiny frog seems to slow down.
The spiny frog dies!
Your Invocations skill increases to level 6!
The crocodile bites you! The basilisk gazes at you.
You resist with some effort.
Your ice beast hits the crocodile but does no damage.
The crocodile bites you but does no damage.
The basilisk bites you! The yak gores you!
* * * LOW HITPOINT WARNING * * *
The crocodile bites you!
* * * LOW HITPOINT WARNING * * *
Your ice beast closely misses the crocodile.
Your ice beast dies!
The basilisk bites you but does no damage.
The crocodile bites you but does no damage.
The basilisk bites you!
* * * LOW HITPOINT WARNING * * *
The crocodile bites you!
You die...

####.........
####...........#
* *
...............#
...............
............. ,
...........#
....)...l..###.#
......Y@†...)..#,
,
......†.t†.....#
,,,
......###^.....#*
+ *, ...... *
##..... , .....
** .#... ..... *
. .. ,* , .... .
# , .... * .. , ,


You could see a yak (confused), a basilisk and a crocodile.

Vanquished Creatures
  A two-headed ogre (D:8)
  A troll (D:6)
  A water moccasin (D:7)
  An ice beast (D:8)
  A black bear (D:6)
  A necrophage (D:8)
  4 orc warriors
  4 centaurs
  2 ogres
  6 big kobolds
  Blork the orc (D:4)
  2 bullfrogs (D:8)
  A scorpion (D:4)
  2 killer bees (D:8)
  A howler monkey (D:7)
  2 crimson imps
  A centaur zombie (D:7)
  2 jellies
  9 orc priests
  2 hounds
  An orc wizard (D:7)
  An iguana (D:7)
  6 worker ants
  A hound zombie (D:6)
  2 hound skeletons
  2 howler monkey skeletons
  A worker ant zombie (D:7)
  7 adders
  7 gnolls
  2 river rats (Sewer)
  6 oozes
  An adder skeleton (D:3)
  7 worms
  2 leopard geckos (D:6)
  20 orcs
  7 giant cockroaches
  4 goblins
  5 hobgoblins
  15 jackals
  15 kobolds
  6 quokkas
  5 ball pythons
  3 bats
  4 frilled lizards
  A jackal skeleton (D:4)
  A jackal zombie (D:5)
  A quokka skeleton (D:4)
  25 rats
203 creatures vanquished.

Vanquished Creatures (collateral kills)
  A hydra (Lair:1)
  A spiny frog (Lair:1)
  A hippogriff (D:9)
  3 yaks (Lair:1)
  A hungry ghost (D:8)
  2 water moccasins (Lair:1)
  2 ice beasts (D:9)
  An ogre (D:9)
  A big kobold (Sewer)
  2 scorpions
  A killer bee (D:8)
  A crimson imp (D:9)
  A jelly (D:6)
  Crazy Yiuf (D:3)
  An orc priest (D:9)
  A gnoll shaman (D:4)
  Terence (D:3)
  2 worker ants (D:4)
  3 adders
  6 gnolls
  An ooze (D:3)
  2 worms
  5 orcs
  A goblin (D:3)
  A hobgoblin (D:3)
  2 jackals (D:3)
  A bat (D:3)
  A frilled lizard (D:3)
  3 kobolds
50 creatures vanquished.

Vanquished Creatures (others)
  A hound (D:4)
  A worker ant (D:4)
  A worm (D:4)
  2 orcs (D:4)
  A giant cockroach (D:4)
  A fungus (D:3)
7 creatures vanquished.

Grand Total: 260 creatures vanquished

Notes
Turn   | Place    | Note
-------+----------+-------------------------------------------
     0 | D:1      | Fukker the Gnoll Wizard began the quest for the Orb.
     0 | D:1      | Reached XP level 1. HP: 13/13 MP: 8/8
   386 | D:1      | Reached XP level 2. HP: 19/19 MP: 7/10
   872 | D:2      | Learned a level 2 spell: Blink
   875 | D:2      | Learned a level 2 spell: Call Imp
   925 | D:2      | Reached XP level 3. HP: 25/25 MP: 6/11
  1172 | D:2      | Found a shattered altar of Ashenzari.
  1189 | D:2      | Became a worshipper of Ashenzari the Shackled
  1361 | D:2      | Reached skill level 1 in Invocations
  1894 | D:3      | Reached skill level 1 in Fighting
  1894 | D:3      | Reached skill level 1 in Short Blades
  1894 | D:3      | Reached skill level 1 in Long Blades
  1894 | D:3      | Reached skill level 1 in Axes
  1894 | D:3      | Reached skill level 1 in Maces & Flails
  1894 | D:3      | Reached skill level 1 in Polearms
  1894 | D:3      | Reached skill level 1 in Staves
  1894 | D:3      | Reached skill level 1 in Slings
  1894 | D:3      | Reached skill level 1 in Bows
  1894 | D:3      | Reached skill level 1 in Crossbows
  1894 | D:3      | Reached skill level 1 in Throwing
  1894 | D:3      | Reached skill level 1 in Armour
  1894 | D:3      | Reached skill level 1 in Shields
  1894 | D:3      | Reached skill level 1 in Unarmed Combat
  1894 | D:3      | Reached skill level 1 in Evocations
  1920 | D:3      | Reached XP level 4. HP: 19/32 MP: 4/13
  1977 | D:3      | Found a shadowy altar of Dithmenos.
  2057 | D:3      | Reached skill level 1 in Hexes
  2057 | D:3      | Reached skill level 1 in Charms
  2057 | D:3      | Reached skill level 1 in Necromancy
  2057 | D:3      | Reached skill level 1 in Transmutations
  2057 | D:3      | Reached skill level 1 in Fire Magic
  2057 | D:3      | Reached skill level 1 in Ice Magic
  2057 | D:3      | Reached skill level 1 in Air Magic
  2057 | D:3      | Reached skill level 1 in Earth Magic
  2057 | D:3      | Reached skill level 1 in Poison Magic
  2206 | D:3      | Found a white marble altar of Elyvilon.
  2254 | D:3      | Noticed Terence
  2295 | D:3      | Killed Terence
  2295 | D:3      | Reached XP level 5. HP: 37/37 MP: 11/14
  2389 | D:3      | Found a runed translucent door.
  2390 | D:3      | Noticed Crazy Yiuf
  2399 | D:3      | Killed Crazy Yiuf
  2531 | D:3      | Found a bloodstained altar of Trog.
  2982 | D:4      | Gained mutation: You possess an exceptional clarity of
                  | mind. [potion of mutation]
  2982 | D:4      | Gained mutation: You evolve. [potion of mutation]
  3003 | D:4      | Reached XP level 6. HP: 33/44 MP: 2/16
  3223 | D:4      | Found a glowing drain.
  3233 | D:4      | Reached skill level 5 in Dodging
  3243 | D:4      | Learned a level 3 spell: Conjure Flame
  3247 | D:4      | Learned a level 3 spell: Mephitic Cloud
  3273 | Sewer    | Entered a sewer
  3582 | Sewer    | Reached XP level 7. HP: 50/50 MP: 5/18
  3704 | Sewer    | Upgraded the game from 0.25-a0-420-g1cc7eeb0d1 to
                  | 0.25-a0-443-gece2dee8bd
  3903 | Sewer    | Reached skill level 5 in Stealth
  4380 | D:4      | Reached * piety under Ashenzari
  4428 | D:4      | Noticed Blork the orc
  4430 | D:4      | Killed Blork the orc
  4430 | D:4      | Reached XP level 8. HP: 57/57 MP: 14/19
  4439 | D:4      | Found a shimmering altar of Xom.
  4500 | D:4      | Gained mutation: You are partially covered in large bone
                  | plates. (SH +4) [evolution]
  4936 | D:5      | Entered Level 5 of the Dungeon
  4983 | D:5      | Found a staircase to the Ecumenical Temple.
  5106 | D:5      | Learned a level 4 spell: Animate Dead
  5219 | D:5      | Found a snail-covered altar of Cheibriados.
  5434 | D:6      | Noticed a troll
  5451 | D:6      | Killed a troll
  5451 | D:6      | Reached skill level 8 in Spellcasting
  6560 | D:6      | Reached XP level 9. HP: 65/65 MP: 21/21
  7305 | D:7      | Found a sparkling altar of Nemelex Xobeh.
  7495 | D:7      | Found an ancient bone altar of Kikubaaqudgha.
  7551 | D:7      | Found a stormy altar of Qazlal.
  7927 | D:8      | Noticed a two-headed ogre
  7941 | D:8      | Killed a two-headed ogre
  7941 | D:8      | Reached skill level 5 in Invocations
  7941 | D:8      | Reached XP level 10. HP: 28/73 MP: 12/22
  8291 | D:8      | Learned a level 4 spell: Summon Ice Beast
  8296 | D:8      | Learned a level 4 spell: Summon Lightning Spire
  8451 | D:8      | Noticed a +0 dagger
  8451 | D:8      | Noticed a +0 hand axe
  8454 | D:8      | Found a hide-covered altar of Uskayaw.
  8504 | D:8      | Reached skill level 5 in Fighting
  8504 | D:8      | Reached skill level 5 in Short Blades
  8504 | D:8      | Reached skill level 5 in Long Blades
  8504 | D:8      | Reached skill level 5 in Axes
  8504 | D:8      | Reached skill level 5 in Maces & Flails
  8504 | D:8      | Reached skill level 5 in Polearms
  8504 | D:8      | Reached skill level 5 in Staves
  8504 | D:8      | Reached skill level 5 in Slings
  8504 | D:8      | Reached skill level 5 in Bows
  8504 | D:8      | Reached skill level 5 in Crossbows
  8504 | D:8      | Reached skill level 5 in Throwing
  8504 | D:8      | Reached skill level 5 in Armour
  8504 | D:8      | Reached skill level 5 in Shields
  8504 | D:8      | Reached skill level 5 in Unarmed Combat
  8504 | D:8      | Reached skill level 5 in Evocations
  8543 | D:8      | Reached ** piety under Ashenzari
  8550 | D:8      | Found a shimmering blue altar of Sif Muna.
  8622 | D:8      | Found a staircase to the Lair.
  8727 | D:8      | Learned a level 3 spell: Stone Arrow
  9166 | Lair:1   | Entered Level 1 of the Lair of Beasts
  9166 | Lair:1   | Noticed a six-headed hydra
  9246 | Lair:1   | Killed a six-headed hydra
  9246 | Lair:1   | Reached skill level 9 in Spellcasting
  9251 | Lair:1   | Noticed a spiny frog
  9258 | Lair:1   | Reached skill level 5 in Conjurations
  9258 | Lair:1   | Reached skill level 5 in Summonings
  9258 | Lair:1   | Reached skill level 5 in Translocations
  9264 | Lair:1   | Killed a spiny frog
  9268 | Lair:1   | Slain by a crocodile

Levels and vault maps discovered:
D:1:      roderic_crop_circles_arrival_small, layout_basic, hex_tiny,
          hangedman_decor_points, minivault_27, serial_park_tiny_pond,
          chequers_serial_rivers_micro_e, nrook_loot_triangle,
          serial_bayou_pond_e
D:2:      layout_loops_ring, ashenzari_altar_1, minmay_misc_feat_iff
D:3:      layout_basic, old_standard_altar,
          nicolae_dithmenos_through_a_glass_darkly, elyvilon_altar_5,
          uniq_crazy_yiuf_cottage, uniq_terence
D:4:      layout_basic, xom_confusion_cloud, first_ration,
          cheibrodos_sewer_entry_bend, minmay_rat_hole, uniq_blork_the_orc
D:5:      layout_basic, lemuel_doored_altar, minmay_temple_entry_antechambers,
          kennysheep_dice
D:6:      layout_layer_cave, hangedman_decor_peaks_small
D:7:      layout_basic, lemuel_round_altar, amethyst_overflow_temple_binary
D:8:      layout_loops_ring, dancing_weapons_uskayaw, lemuel_blue_sif_altar,
          lair_entry_dummy
D:9:      layout_basic, nicolae_tso_swordbearing_angel, kennysheep_little_box
Lair:1:   layout_cave_pods, gammafunk_ghost_split, serial_bayou_shore_b

Skill      XL: |  1  2  3  4  5  6  7  8  9 10 |
---------------+-------------------------------+-----
Conjurations   | 2 3 4 5 |  5.0
Summonings     | 2 3 4 5 |  5.0
Translocations | 2 3 4 5 |  5.0
Invocations    | 1 2 3 4 5 6 |  6.0
Fighting       | 1 2 3 4 5 |  5.4
Short Blades   | 1 2 3 4 5 |  5.4
Long Blades    | 1 2 3 4 5 |  5.4
Axes           | 1 2 3 4 5 |  5.4
Maces & Flails | 1 2 3 4 5 |  5.4
Polearms       | 1 2 3 4 5 |  5.4
Staves         | 1 2 3 4 5 |  5.4
Slings         | 1 2 3 4 5 |  5.4
Bows           | 1 2 3 4 5 |  5.4
Crossbows      | 1 2 3 4 5 |  5.4
Throwing       | 1 2 3 4 5 |  5.4
Armour         | 1 2 3 4 5 |  5.4
Shields        | 1 2 3 4 5 |  5.4
Unarmed Combat | 1 2 3 4 5 |  5.4
Evocations     | 1 2 3 4 5 |  5.4
Hexes          | 1 2 3 4 |  4.4
Charms         | 1 2 3 4 |  4.4
Necromancy     | 1 2 3 4 |  4.4
Transmutations | 1 2 3 4 |  4.4
Fire Magic     | 1 2 3 4 |  4.4
Ice Magic      | 1 2 3 4 |  4.4
Air Magic      | 1 2 3 4 |  4.4
Earth Magic    | 1 2 3 4 |  4.4
Poison Magic   | 1 2 3 4 |  4.4
Dodging        | 5 6 7 |  7.2
Stealth        | 5 6 |  6.9
Spellcasting   | 8 9 |  9.1

Action                   |  1- 3 |  4- 6 |  7- 9 | 10-12 || total
-------------------------+-------+-------+-------+-------++-------
Melee: Dagger            |    34 |   100 |   293 |    58 ||   485
       Bite              |     3 |     4 |    26 |     5 ||    38
Throw: Dart              |     8 |    30 |       |       ||    38
 Cast: Magic Dart        |    82 |    56 |   198 |    12 ||   348
       Call Imp          |     7 |    26 |     6 |       ||    39
       Blink             |       |     2 |     1 |       ||     3
       Mephitic Cloud    |       |     3 |    16 |     4 ||    23
       Conjure Flame     |       |       |    19 |       ||    19
       Animate Dead      |       |       |     1 |     3 ||     4
       Stone Arrow       |       |       |       |    13 ||    13
       Summon Ice Beast  |       |       |       |     7 ||     7
       Summon Lightning  |       |       |       |     5 ||     5
Invok: Curse Item        |       |       |       |     2 ||     2
  Use: Potion            |       |     8 |       |       ||     8
       Scroll            |       |     2 |     2 |     8 ||    12
 Stab: Sleeping          |     4 |     3 |     9 |     5 ||    21
       Confused          |       |       |     9 |     1 ||    10
       Distracted        |       |       |     1 |       ||     1
  Eat: Chunk             |     3 |     4 |    12 |     4 ||    23
       Ration            |       |       |     1 |     1 ||     2
Armor: Robe              |    11 |    25 |    49 |    12 ||    97
       Skin              |       |    13 |       |       ||    13
Dodge: Dodged            |    39 |    72 |   157 |    32 ||   300
Block: Buckler           |     9 |    19 |    99 |    19 ||   146

Table legend:
 A = Non-vault XP
 B = Vault XP
 C = Vault XP percentage of total XP
 D = Non-vault monster count
 E = Vault monster count
 F = Vault count percentage of total count
                 A         B        C        D         E       F
            +---------+---------+-------+---------+---------+-------
      Total |    6922 |     910 |  11.6 |     200 |      53 |  20.9
            +---------+---------+-------+---------+---------+-------
        D:1 |      18 |       0 |   0.0 |       9 |       0 |   0.0
        D:2 |      41 |       0 |   0.0 |      21 |       0 |   0.0
        D:3 |     117 |      48 |  29.1 |      37 |       2 |   5.1
        D:4 |     289 |     122 |  29.7 |      28 |      22 |  44.0
        D:5 |     221 |      28 |  11.2 |       7 |       1 |  12.5
        D:6 |    1016 |       0 |   0.0 |      24 |       0 |   0.0
        D:7 |    1019 |       0 |   0.0 |      28 |       0 |   0.0
        D:8 |    1992 |       0 |   0.0 |      25 |       0 |   0.0
        D:9 |     907 |       0 |   0.0 |      14 |       0 |   0.0
     Lair:1 |    1302 |       0 |   0.0 |       7 |       0 |   0.0
      Sewer |       0 |     712 | 100.0 |       0 |      28 | 100.0
            +---------+---------+-------+---------+---------+-------
